[ AOE2 MATCH · #472253490 ]
UnrankedTurks vs Gurjaras
[ REPLAY ANALYSIS · EXTRACTED FROM THE RECORDED GAME ]
Feudal
10:34
Castle
14:54
Imperial
31:01
| APM avg | 28.7 |
| APM peak | 57 |
| eAPM avg | 15.9 |
| Villagers / military | 156 / 505 |
Focus
⚔️ 38.0% · 🌾 62.0%
Scout Cavalry ×203 · Janissary ×141 · Camel Scout ×67 · Hand Cannoneer ×52 · Bombard Cannon ×26 · Trade Cart ×25
Feudal
8:02
Castle
19:38
Imperial
29:41
| APM avg | 33.4 |
| APM peak | 63 |
| eAPM avg | 24.7 |
| Villagers / military | 198 / 1088 |
Focus
⚔️ 43.2% · 🌾 56.8%
Spearman ×766 · Militia ×178 · Eagle Scout ×128 · Battering Ram ×8 · Trade Cart ×7 · Jaguar Warrior ×7
Feudal
10:31
Castle
14:10
Imperial
28:48
| APM avg | 34.2 |
| APM peak | 105 |
| eAPM avg | 21.7 |
| Villagers / military | 160 / 1022 |
Focus
⚔️ 50.8% · 🌾 49.2%
Scout Cavalry ×628 · Shrivamsha Rider ×352 · Camel Scout ×42 · Trade Cart ×39
Feudal
10:10
Castle
13:39
Imperial
29:53
| APM avg | 48.2 |
| APM peak | 88 |
| eAPM avg | 24.3 |
| Villagers / military | 172 / 405 |
Focus
⚔️ 37.3% · 🌾 62.7%
Archer ×261 · Longbowman ×132 · Trebuchet (Packed) ×9 · Monk ×2 · Spearman ×1
Feudal
10:06
Castle
18:47
Imperial
33:24
| APM avg | 42.0 |
| APM peak | 93 |
| eAPM avg | 24.6 |
| Villagers / military | 165 / 766 |
Focus
⚔️ 33.1% · 🌾 66.9%
Skirmisher ×393 · Hand Cannoneer ×209 · Huskarl ×131 · Trade Cart ×51 · Trebuchet (Packed) ×20 · Bombard Cannon ×9
Feudal
10:41
Castle
14:12
Imperial
32:09
| APM avg | 73.0 |
| APM peak | 125 |
| eAPM avg | 45.1 |
| Villagers / military | 160 / 637 |
Focus
⚔️ 42.1% · 🌾 57.9%
Spearman ×333 · Scout Cavalry ×130 · Knight ×89 · Centurion ×64 · Trade Cart ×63 · Trebuchet (Packed) ×15
Feudal
11:24
Castle
16:01
Imperial
38:45
| APM avg | 32.5 |
| APM peak | 81 |
| eAPM avg | 21.9 |
| Villagers / military | 171 / 462 |
Focus
⚔️ 34.2% · 🌾 65.8%
Scout Cavalry ×260 · Knight ×167 · Trade Cart ×29 · Throwing Axeman ×22 · Trebuchet (Packed) ×6 · Spearman ×5
Feudal
9:52
Castle
26:44
Imperial
33:43
| APM avg | 40.4 |
| APM peak | 89 |
| eAPM avg | 24.2 |
| Villagers / military | 223 / 454 |
Focus
⚔️ 35.6% · 🌾 64.4%
Skirmisher ×159 · Hand Cannoneer ×139 · Spearman ×88 · Fire Lancer ×25 · Bombard Cannon ×15 · Archer ×14
Match map
Initial resources + every placement click. Lines = walls · curves = elevation contours. ◆ gold · ⬟ stone · ● berries · ✦ relic · ◌ wall gap
Your base· ✓ Closed at 14:54 · 0t walls · 3 gate(s)
[DH]Felgrand's base· ✓ Closed at 19:38 · 0t walls · 3 gate(s)
T1m's base· ✓ Closed at 14:10 · 0t walls · 3 gate(s)
[DH]Misratronic's base· ✓ Closed at 13:39 · 0t walls · 2 gate(s)
_The_Lion's base· ✓ Closed at 18:47 · 17t walls · 2 gate(s)
Whale's base· ✓ Closed at 14:12 · 0t walls · 2 gate(s)
Feisty's base· ✓ Closed at 16:01 · 21t walls · 2 gate(s)
哈哈哈哈's base· ✓ Closed at 26:44 · 21t walls · 4 gate(s)
Smoothed initial terrain · ◌ = detected wall gap · hover for details
Inputs per minute
— |MP| Juanete177 - - [DH]Felgrand
Build order — |MP| Juanete177
First 150 of 514 actions detected
| 0:01 | Queue | Villager (Male) |
| 0:01 | Queue | Villager (Male) |
| 0:02 | Build | House |
| 0:04 | Build | House |
| 0:17 | Queue | Villager (Male) |
| 0:17 | Queue | Villager (Male) |
| 0:18 | Queue | Villager (Male) |
| 1:37 | Queue | Villager (Male) |
| 1:45 | Build | Lumber Camp |
| 2:00 | Queue | Villager (Male) |
| 2:28 | Queue | Villager (Male) |
| 2:45 | Queue | Villager (Male) |
| 2:45 | Queue | Villager (Male) |
| 3:16 | Queue | Villager (Male) |
| 3:20 | Queue | Villager (Male) |
| 3:20 | Queue | Villager (Male) |
| 3:27 | Build | House |
| 3:29 | Build | House |
| 4:14 | Queue | Villager (Male) |
| 4:14 | Queue | Villager (Male) |
| 4:17 | Build | Mill |
| 4:24 | Queue | Villager (Male) |
| 4:25 | Queue | Villager (Male) |
| 5:07 | Queue | Villager (Male) |
| 5:07 | Queue | Villager (Male) |
| 5:34 | Queue | Villager (Male) |
| 5:34 | Queue | Villager (Male) |
| 5:50 | Queue | Villager (Male) |
| 6:41 | Queue | Villager (Male) |
| 6:42 | Queue | Villager (Male) |
| 7:08 | Queue | Villager (Male) |
| 7:36 | Queue | Villager (Male) |
| 8:04 | Build | Mining Camp |
| 8:14 | Build | Farm |
| 8:14 | Build | Farm |
| 8:14 | Build | Farm |
| 8:24 | Research | Feudal Age |
| 8:39 | Queue | Villager (Male) |
| 8:39 | Queue | Villager (Male) |
| 8:48 | Build | House |
| 9:42 | Build | Barracks |
| 9:44 | Queue | Villager (Male) |
| 10:34 | Age | Feudal Age |
| 10:45 | Build | Stable |
| 11:32 | Build | Blacksmith |
| 11:44 | Queue | Villager (Male) |
| 11:55 | Research | Double-Bit Axe |
| 12:06 | Research | Castle Age |
| 12:10 | Queue | Scout Cavalry |
| 12:10 | Queue | Scout Cavalry |
| 12:25 | Research | Horse Collar |
| 12:59 | Build | House |
| 13:07 | Queue | Scout Cavalry |
| 13:22 | Build | Farm |
| 13:23 | Build | Farm |
| 13:27 | Build | Farm |
| 13:27 | Build | Farm |
| 13:37 | Research | Scale Barding Armor |
| 13:38 | Queue | Villager (Male) |
| 13:50 | Queue | Scout Cavalry |
| 14:13 | Build | Market |
| 14:37 | Queue | Scout Cavalry |
| 14:51 | Queue | Villager (Male) |
| 14:54 | Age | Castle Age |
| 14:56 | Build | Farm |
| 14:57 | Build | Farm |
| 15:19 | Build | Monastery |
| 15:21 | Queue | Villager (Male) |
| 15:48 | Queue | Villager (Male) |
| 15:56 | Queue | Villager (Male) |
| 16:17 | Queue | Camel Scout |
| 16:17 | Queue | Camel Scout |
| 16:25 | Queue | Villager (Male) |
| 16:25 | Queue | Villager (Male) |
| 16:36 | Queue | Monk |
| 16:39 | Build | Farm |
| 16:39 | Build | Farm |
| 16:40 | Build | Farm |
| 16:40 | Build | Farm |
| 16:40 | Build | Farm |
| 16:40 | Build | Farm |
| 16:42 | Queue | Villager (Male) |
| 16:42 | Queue | Villager (Male) |
| 16:58 | Build | Farm |
| 17:02 | Build | Farm |
| 17:07 | Build | House |
| 17:08 | Build | House |
| 17:09 | Queue | Villager (Male) |
| 17:13 | Build | House |
| 17:20 | Queue | Camel Scout |
| 17:30 | Queue | Villager (Male) |
| 17:30 | Queue | Villager (Male) |
| 17:46 | Queue | Villager (Male) |
| 17:46 | Queue | Villager (Male) |
| 17:55 | Build | Farm |
| 17:59 | Build | Farm |
| 18:06 | Build | House |
| 18:09 | Queue | Villager (Male) |
| 18:23 | Queue | Camel Scout |
| 18:23 | Queue | Camel Scout |
| 18:32 | Queue | Villager (Male) |
| 18:59 | Build | House |
| 19:00 | Build | House |
| 19:09 | Queue | Villager (Male) |
| 19:29 | Research | Bloodlines |
| 19:30 | Queue | Villager (Male) |
| 19:41 | Queue | Villager (Male) |
| 20:04 | Build | House |
| 20:06 | Research | Wheelbarrow |
| 20:20 | Build | Town Center |
| 20:35 | Queue | Villager (Male) |
| 20:50 | Build | House |
| 20:53 | Build | House |
| 20:56 | Queue | Villager (Male) |
| 21:04 | Research | Bow Saw |
| 21:12 | Queue | Villager (Male) |
| 21:13 | Queue | Villager (Male) |
| 21:32 | Queue | Villager (Male) |
| 21:32 | Queue | Villager (Male) |
| 21:36 | Queue | Villager (Male) |
| 21:36 | Queue | Villager (Male) |
| 21:43 | Build | Town Center |
| 22:01 | Queue | Villager (Male) |
| 22:09 | Queue | Knight |
| 22:10 | Queue | Villager (Male) |
| 22:17 | Queue | Villager (Male) |
| 22:34 | Build | Farm |
| 22:35 | Build | Farm |
| 22:40 | Queue | Villager (Male) |
| 22:45 | Build | House |
| 22:46 | Build | House |
| 23:06 | Queue | Villager (Male) |
| 23:17 | Queue | Villager (Male) |
| 23:30 | Queue | Villager (Male) |
| 23:31 | Queue | Villager (Male) |
| 23:31 | Queue | Villager (Male) |
| 23:53 | Queue | Villager (Male) |
| 24:02 | Queue | Knight |
| 24:02 | Queue | Knight |
| 24:05 | Queue | Villager (Male) |
| 24:06 | Queue | Villager (Male) |
| 24:11 | Build | House |
| 24:14 | Build | Farm |
| 24:15 | Build | Farm |
| 24:15 | Build | Farm |
| 24:15 | Build | Farm |
| 24:19 | Build | Mining Camp |
| 24:21 | Research | Gold Mining |
| 24:21 | Research | Stone Mining |
| 24:24 | Build | Farm |
Build order — [DH]Felgrand
First 150 of 805 actions detected
| 0:00 | Queue | Villager (Male) |
| 0:01 | Queue | Villager (Male) |
| 0:01 | Queue | Villager (Male) |
| 0:01 | Queue | Villager (Male) |
| 0:03 | Build | House |
| 0:05 | Build | House |
| 1:16 | Queue | Villager (Male) |
| 1:44 | Build | Lumber Camp |
| 1:49 | Queue | Villager (Male) |
| 2:12 | Queue | Villager (Male) |
| 2:38 | Queue | Villager (Male) |
| 3:12 | Queue | Villager (Male) |
| 3:27 | Build | House |
| 3:28 | Queue | Villager (Male) |
| 3:36 | Queue | Villager (Male) |
| 4:22 | Queue | Villager (Male) |
| 4:41 | Build | Mining Camp |
| 4:43 | Queue | Villager (Male) |
| 4:56 | Research | Loom |
| 5:52 | Research | Feudal Age |
| 7:36 | Queue | Villager (Male) |
| 7:55 | Queue | Villager (Male) |
| 8:02 | Build | House |
| 8:02 | Age | Feudal Age |
| 8:08 | Build | Watch Tower |
| 8:30 | Queue | Villager (Male) |
| 8:39 | Build | Mill |
| 9:00 | Queue | Villager (Male) |
| 9:18 | Queue | Villager (Male) |
| 9:35 | Queue | Villager (Male) |
| 9:38 | Build | Farm |
| 9:40 | Research | Double-Bit Axe |
| 9:56 | Build | Farm |
| 10:11 | Queue | Villager (Male) |
| 10:27 | Build | Watch Tower |
| 10:29 | Queue | Villager (Male) |
| 10:48 | Build | Watch Tower |
| 10:49 | Queue | Villager (Male) |
| 11:06 | Build | Farm |
| 11:26 | Build | House |
| 11:29 | Build | House |
| 11:32 | Queue | Villager (Male) |
| 11:52 | Queue | Villager (Male) |
| 11:55 | Build | Farm |
| 12:31 | Queue | Villager (Male) |
| 12:35 | Build | Farm |
| 12:44 | Build | Lumber Camp |
| 12:46 | Build | House |
| 13:08 | Queue | Villager (Male) |
| 13:10 | Build | Farm |
| 13:13 | Queue | Villager (Male) |
| 13:19 | Build | House |
| 13:39 | Queue | Villager (Male) |
| 13:47 | Build | Market |
| 13:58 | Build | Farm |
| 14:03 | Queue | Villager (Male) |
| 14:08 | Build | Farm |
| 14:32 | Build | Outpost |
| 14:36 | Queue | Villager (Male) |
| 14:41 | Build | Blacksmith |
| 14:53 | Build | Mining Camp |
| 14:56 | Queue | Villager (Male) |
| 15:04 | Build | Farm |
| 15:13 | Build | Farm |
| 15:14 | Queue | Villager (Male) |
| 15:42 | Build | Farm |
| 15:42 | Queue | Villager (Male) |
| 15:44 | Build | Farm |
| 15:59 | Build | Farm |
| 16:02 | Build | Farm |
| 16:08 | Build | Farm |
| 16:12 | Queue | Villager (Male) |
| 16:58 | Research | Castle Age |
| 16:58 | Research | Castle Age |
| 17:18 | Research | Horse Collar |
| 17:24 | Build | House |
| 17:43 | Research | Stone Mining |
| 18:07 | Queue | Villager (Male) |
| 19:30 | Queue | Villager (Male) |
| 19:38 | Age | Castle Age |
| 19:42 | Build | Town Center |
| 19:49 | Build | Farm |
| 19:55 | Build | Town Center |
| 19:55 | Queue | Villager (Male) |
| 20:10 | Research | Bow Saw |
| 20:17 | Queue | Villager (Male) |
| 20:41 | Queue | Villager (Male) |
| 20:47 | Build | Farm |
| 20:53 | Queue | Villager (Male) |
| 20:54 | Queue | Villager (Male) |
| 20:54 | Queue | Villager (Male) |
| 20:55 | Queue | Villager (Male) |
| 20:55 | Queue | Villager (Male) |
| 21:03 | Queue | Villager (Male) |
| 21:03 | Queue | Villager (Male) |
| 21:03 | Queue | Villager (Male) |
| 21:06 | Build | Farm |
| 21:17 | Build | Farm |
| 21:19 | Queue | Villager (Male) |
| 21:19 | Queue | Villager (Male) |
| 21:19 | Queue | Villager (Male) |
| 21:19 | Queue | Villager (Male) |
| 21:22 | Build | Farm |
| 21:27 | Queue | Villager (Male) |
| 21:27 | Queue | Villager (Male) |
| 21:28 | Queue | Villager (Male) |
| 21:28 | Queue | Villager (Male) |
| 21:38 | Research | Heavy Plow |
| 21:46 | Build | Farm |
| 22:02 | Queue | Villager (Male) |
| 22:02 | Queue | Villager (Male) |
| 22:02 | Queue | Villager (Male) |
| 22:03 | Queue | Villager (Male) |
| 22:10 | Build | Farm |
| 22:13 | Build | Farm |
| 22:15 | Build | Farm |
| 22:24 | Build | House |
| 22:27 | Build | Farm |
| 22:27 | Queue | Villager (Male) |
| 22:27 | Queue | Villager (Male) |
| 22:28 | Queue | Villager (Male) |
| 22:28 | Queue | Villager (Male) |
| 22:52 | Build | House |
| 22:53 | Queue | Villager (Male) |
| 22:53 | Queue | Villager (Male) |
| 22:53 | Queue | Villager (Male) |
| 22:54 | Queue | Villager (Male) |
| 22:56 | Build | Farm |
| 23:11 | Build | Farm |
| 23:31 | Build | Stone Wall |
| 23:38 | Queue | Villager (Male) |
| 23:38 | Queue | Villager (Male) |
| 23:38 | Queue | Villager (Male) |
| 23:41 | Build | House |
| 23:46 | Build | Farm |
| 23:50 | Build | Stone Wall |
| 24:09 | Build | Farm |
| 24:10 | Build | Farm |
| 24:12 | Build | House |
| 24:13 | Build | House |
| 24:16 | Queue | Villager (Male) |
| 24:16 | Queue | Villager (Male) |
| 24:16 | Queue | Villager (Male) |
| 24:36 | Build | Lumber Camp |
| 24:39 | Build | House |
| 24:44 | Build | Farm |
| 24:47 | Build | Mill |
| 24:48 | Build | Farm |
| 24:48 | Build | Farm |
| 24:48 | Build | Farm |
Build order — T1m
First 150 of 777 actions detected
| 0:00 | Queue | Villager (Male) |
| 0:01 | Queue | Villager (Male) |
| 0:01 | Queue | Villager (Male) |
| 0:02 | Build | House |
| 0:03 | Queue | Villager (Male) |
| 0:04 | Build | House |
| 0:24 | Build | Mill |
| 1:35 | Queue | Villager (Male) |
| 2:03 | Queue | Villager (Male) |
| 2:21 | Queue | Villager (Male) |
| 2:21 | Queue | Villager (Male) |
| 2:36 | Queue | Villager (Male) |
| 2:36 | Queue | Villager (Male) |
| 2:52 | Queue | Villager (Male) |
| 3:18 | Queue | Villager (Male) |
| 3:18 | Queue | Villager (Male) |
| 3:25 | Build | House |
| 3:46 | Queue | Villager (Male) |
| 3:46 | Queue | Villager (Male) |
| 3:49 | Queue | Villager (Male) |
| 3:49 | Queue | Villager (Male) |
| 4:10 | Queue | Villager (Male) |
| 4:10 | Queue | Villager (Male) |
| 5:39 | Queue | Villager (Male) |
| 5:48 | Build | House |
| 5:54 | Queue | Villager (Male) |
| 6:24 | Queue | Villager (Male) |
| 6:30 | Build | Lumber Camp |
| 6:53 | Queue | Villager (Male) |
| 7:16 | Queue | Villager (Male) |
| 7:50 | Queue | Villager (Male) |
| 7:51 | Research | Feudal Age |
| 8:10 | Build | Mining Camp |
| 8:43 | Build | Farm |
| 9:12 | Build | Farm |
| 9:18 | Build | Farm |
| 9:43 | Build | House |
| 10:11 | Build | House |
| 10:31 | Age | Feudal Age |
| 10:32 | Build | Market |
| 10:36 | Queue | Villager (Male) |
| 10:37 | Queue | Villager (Male) |
| 11:10 | Build | Blacksmith |
| 11:30 | Research | Castle Age |
| 11:52 | Research | Double-Bit Axe |
| 12:18 | Queue | Villager (Male) |
| 12:30 | Research | Horse Collar |
| 12:33 | Build | Farm |
| 12:37 | Build | Farm |
| 12:41 | Build | Farm |
| 14:10 | Age | Castle Age |
| 14:15 | Build | Town Center |
| 14:16 | Queue | Villager (Male) |
| 14:30 | Build | Town Center |
| 14:40 | Queue | Villager (Male) |
| 14:43 | Build | House |
| 15:06 | Research | Bow Saw |
| 15:07 | Queue | Villager (Male) |
| 15:20 | Build | House |
| 15:27 | Queue | Villager (Male) |
| 15:34 | Build | Farm |
| 15:44 | Build | Farm |
| 15:48 | Build | House |
| 16:09 | Queue | Villager (Male) |
| 16:10 | Queue | Villager (Male) |
| 16:10 | Queue | Villager (Male) |
| 16:18 | Queue | Villager (Male) |
| 16:18 | Queue | Villager (Male) |
| 16:19 | Queue | Villager (Male) |
| 16:25 | Build | Farm |
| 16:27 | Build | Farm |
| 16:35 | Build | House |
| 16:46 | Queue | Villager (Male) |
| 16:46 | Queue | Villager (Male) |
| 16:50 | Build | Farm |
| 16:50 | Build | Farm |
| 16:51 | Build | Farm |
| 16:51 | Build | Farm |
| 16:51 | Build | Farm |
| 16:53 | Queue | Villager (Male) |
| 16:58 | Build | House |
| 17:14 | Queue | Villager (Male) |
| 17:14 | Queue | Villager (Male) |
| 17:21 | Build | House |
| 17:23 | Queue | Villager (Male) |
| 17:23 | Queue | Villager (Male) |
| 17:29 | Build | Farm |
| 17:41 | Build | Farm |
| 17:41 | Build | Farm |
| 17:43 | Queue | Villager (Male) |
| 17:46 | Build | Farm |
| 17:49 | Build | Farm |
| 17:53 | Queue | Villager (Male) |
| 17:59 | Build | Farm |
| 17:59 | Queue | Villager (Male) |
| 18:09 | Queue | Villager (Male) |
| 18:09 | Queue | Villager (Male) |
| 18:23 | Queue | Villager (Male) |
| 18:23 | Queue | Villager (Male) |
| 18:26 | Build | Farm |
| 18:26 | Build | Farm |
| 18:30 | Queue | Villager (Male) |
| 18:31 | Queue | Villager (Male) |
| 18:35 | Build | Farm |
| 18:38 | Queue | Villager (Male) |
| 18:38 | Queue | Villager (Male) |
| 18:45 | Build | Farm |
| 18:46 | Queue | Villager (Male) |
| 18:48 | Build | Farm |
| 18:53 | Build | Farm |
| 18:56 | Queue | Villager (Male) |
| 19:01 | Build | Farm |
| 19:01 | Queue | Villager (Male) |
| 19:01 | Queue | Villager (Male) |
| 19:05 | Build | House |
| 19:12 | Queue | Villager (Male) |
| 19:13 | Build | Farm |
| 19:17 | Queue | Villager (Male) |
| 19:24 | Queue | Villager (Male) |
| 19:24 | Queue | Villager (Male) |
| 19:27 | Build | Farm |
| 19:27 | Queue | Villager (Male) |
| 19:28 | Build | Farm |
| 19:35 | Queue | Villager (Male) |
| 19:37 | Build | House |
| 19:45 | Queue | Villager (Male) |
| 19:46 | Queue | Villager (Male) |
| 19:50 | Build | Farm |
| 19:58 | Research | Wheelbarrow |
| 20:02 | Queue | Villager (Male) |
| 20:04 | Queue | Villager (Male) |
| 20:04 | Queue | Villager (Male) |
| 20:06 | Build | House |
| 20:19 | Build | House |
| 20:20 | Build | House |
| 20:21 | Queue | Villager (Male) |
| 20:21 | Queue | Villager (Male) |
| 20:25 | Queue | Villager (Male) |
| 20:45 | Queue | Villager (Male) |
| 20:46 | Queue | Villager (Male) |
| 20:50 | Research | Heavy Plow |
| 20:55 | Queue | Villager (Male) |
| 21:08 | Build | Town Center |
| 21:09 | Queue | Villager (Male) |
| 21:09 | Queue | Villager (Male) |
| 21:11 | Build | House |
| 21:16 | Build | Lumber Camp |
| 21:25 | Queue | Villager (Male) |
| 21:36 | Research | Hand Cart |
| 21:36 | Research | Hand Cart |
Build order — [DH]Misratronic
First 150 of 584 actions detected
| 0:01 | Queue | Villager (Male) |
| 0:01 | Queue | Villager (Male) |
| 0:02 | Build | House |
| 0:03 | Build | House |
| 0:05 | Queue | Villager (Male) |
| 0:05 | Queue | Villager (Male) |
| 1:21 | Queue | Villager (Male) |
| 1:21 | Queue | Villager (Male) |
| 2:07 | Queue | Villager (Male) |
| 2:07 | Queue | Villager (Male) |
| 2:21 | Queue | Villager (Male) |
| 2:21 | Queue | Villager (Male) |
| 2:44 | Queue | Villager (Male) |
| 2:45 | Queue | Villager (Male) |
| 3:11 | Queue | Villager (Male) |
| 3:11 | Queue | Villager (Male) |
| 3:19 | Queue | Villager (Male) |
| 3:23 | Build | Lumber Camp |
| 3:54 | Queue | Villager (Male) |
| 3:59 | Queue | Villager (Male) |
| 3:59 | Queue | Villager (Male) |
| 4:08 | Build | House |
| 4:27 | Queue | Villager (Male) |
| 4:27 | Queue | Villager (Male) |
| 5:42 | Queue | Villager (Male) |
| 5:51 | Queue | Villager (Male) |
| 6:02 | Build | House |
| 6:03 | Build | Mill |
| 6:06 | Queue | Villager (Male) |
| 6:14 | Queue | Villager (Male) |
| 7:11 | Queue | Villager (Male) |
| 8:00 | Research | Feudal Age |
| 8:46 | Build | Farm |
| 10:01 | Queue | Villager (Male) |
| 10:10 | Age | Feudal Age |
| 10:12 | Build | Market |
| 10:14 | Build | Blacksmith |
| 10:59 | Research | Castle Age |
| 11:27 | Build | Barracks |
| 12:33 | Build | House |
| 12:53 | Queue | Spearman |
| 13:22 | Research | Horse Collar |
| 13:26 | Queue | Villager (Male) |
| 13:39 | Age | Castle Age |
| 13:42 | Build | Monastery |
| 13:47 | Queue | Villager (Male) |
| 13:49 | Build | Town Center |
| 13:54 | Build | Town Center |
| 13:58 | Queue | Villager (Male) |
| 14:21 | Queue | Villager (Male) |
| 14:27 | Queue | Monk |
| 14:53 | Build | House |
| 15:08 | Build | Farm |
| 15:10 | Build | Farm |
| 15:11 | Build | Farm |
| 15:11 | Build | Farm |
| 15:13 | Queue | Villager (Male) |
| 15:17 | Build | Farm |
| 15:36 | Queue | Villager (Male) |
| 15:37 | Build | Farm |
| 15:39 | Queue | Monk |
| 16:15 | Queue | Villager (Male) |
| 16:18 | Queue | Villager (Male) |
| 16:22 | Build | Farm |
| 16:24 | Build | Farm |
| 16:25 | Build | Farm |
| 16:36 | Queue | Villager (Male) |
| 16:44 | Queue | Villager (Male) |
| 16:46 | Build | Farm |
| 16:50 | Build | Farm |
| 16:51 | Queue | Villager (Male) |
| 16:51 | Queue | Villager (Male) |
| 17:31 | Queue | Villager (Male) |
| 17:32 | Queue | Villager (Male) |
| 17:34 | Build | Farm |
| 17:54 | Queue | Villager (Male) |
| 17:55 | Queue | Villager (Male) |
| 17:56 | Queue | Villager (Male) |
| 17:58 | Build | Farm |
| 18:00 | Build | Farm |
| 18:15 | Queue | Villager (Male) |
| 18:20 | Build | Farm |
| 18:20 | Build | Farm |
| 18:24 | Queue | Villager (Male) |
| 18:28 | Build | House |
| 18:47 | Queue | Villager (Male) |
| 18:53 | Build | House |
| 18:54 | Build | House |
| 18:57 | Build | Farm |
| 18:57 | Build | Farm |
| 18:58 | Queue | Villager (Male) |
| 18:59 | Queue | Villager (Male) |
| 18:59 | Queue | Villager (Male) |
| 19:04 | Build | Farm |
| 19:05 | Queue | Villager (Male) |
| 19:05 | Queue | Villager (Male) |
| 19:24 | Queue | Villager (Male) |
| 19:24 | Queue | Villager (Male) |
| 19:24 | Queue | Villager (Male) |
| 19:39 | Queue | Villager (Male) |
| 19:39 | Queue | Villager (Male) |
| 19:43 | Queue | Villager (Male) |
| 19:43 | Queue | Villager (Male) |
| 19:47 | Build | Mill |
| 19:52 | Build | Mill |
| 19:58 | Queue | Villager (Male) |
| 19:59 | Queue | Villager (Male) |
| 20:01 | Queue | Villager (Male) |
| 20:01 | Queue | Villager (Male) |
| 20:03 | Build | Farm |
| 20:05 | Build | Farm |
| 20:07 | Build | Farm |
| 20:08 | Queue | Villager (Male) |
| 20:08 | Queue | Villager (Male) |
| 20:10 | Build | Farm |
| 20:18 | Build | House |
| 20:19 | Build | House |
| 20:26 | Queue | Villager (Male) |
| 20:26 | Queue | Villager (Male) |
| 20:30 | Build | Farm |
| 20:49 | Queue | Villager (Male) |
| 20:52 | Build | Farm |
| 20:53 | Queue | Villager (Male) |
| 20:58 | Research | Double-Bit Axe |
| 20:59 | Queue | Villager (Male) |
| 21:00 | Queue | Villager (Male) |
| 21:12 | Queue | Villager (Male) |
| 21:12 | Queue | Villager (Male) |
| 21:15 | Build | Farm |
| 21:17 | Build | Farm |
| 21:18 | Queue | Villager (Male) |
| 21:18 | Queue | Villager (Male) |
| 21:22 | Build | Farm |
| 21:29 | Queue | Villager (Male) |
| 21:29 | Queue | Villager (Male) |
| 21:29 | Queue | Villager (Male) |
| 21:35 | Build | Farm |
| 21:45 | Queue | Villager (Male) |
| 21:45 | Queue | Villager (Male) |
| 21:46 | Queue | Villager (Male) |
| 21:52 | Queue | Villager (Male) |
| 21:57 | Build | House |
| 21:58 | Queue | Villager (Male) |
| 22:02 | Build | House |
| 22:03 | Build | House |
| 22:04 | Build | House |
| 22:06 | Build | House |
| 22:10 | Queue | Villager (Male) |
| 22:12 | Build | Farm |
| 22:12 | Build | Farm |
Build order — _The_Lion
First 150 of 630 actions detected
| 0:01 | Queue | Villager (Male) |
| 0:01 | Queue | Villager (Male) |
| 0:01 | Queue | Villager (Male) |
| 0:02 | Build | House |
| 0:03 | Build | House |
| 0:14 | Queue | Villager (Male) |
| 1:35 | Queue | Villager (Male) |
| 1:35 | Queue | Villager (Male) |
| 2:05 | Queue | Villager (Male) |
| 2:06 | Queue | Villager (Male) |
| 2:16 | Build | Lumber Camp |
| 2:30 | Queue | Villager (Male) |
| 2:51 | Queue | Villager (Male) |
| 2:51 | Queue | Villager (Male) |
| 3:02 | Queue | Villager (Male) |
| 3:19 | Queue | Villager (Male) |
| 3:20 | Queue | Villager (Male) |
| 3:59 | Queue | Villager (Male) |
| 4:02 | Build | House |
| 4:31 | Queue | Villager (Male) |
| 4:32 | Queue | Villager (Male) |
| 4:32 | Queue | Villager (Male) |
| 4:32 | Queue | Villager (Male) |
| 5:51 | Queue | Villager (Male) |
| 5:52 | Queue | Villager (Male) |
| 5:58 | Build | House |
| 6:03 | Queue | Villager (Male) |
| 6:19 | Build | Mill |
| 7:10 | Queue | Villager (Male) |
| 7:10 | Queue | Villager (Male) |
| 7:10 | Queue | Villager (Male) |
| 7:11 | Queue | Villager (Male) |
| 7:44 | Research | Feudal Age |
| 7:59 | Build | Mining Camp |
| 8:33 | Build | Farm |
| 8:35 | Build | Farm |
| 9:12 | Build | Palisade Wall |
| 9:16 | Build | Palisade Wall |
| 9:29 | Build | Palisade Wall |
| 9:45 | Queue | Villager (Male) |
| 9:46 | Queue | Villager (Male) |
| 9:54 | Build | House |
| 10:06 | Age | Feudal Age |
| 10:13 | Build | Watch Tower |
| 10:20 | Build | House |
| 10:32 | Queue | Villager (Male) |
| 10:32 | Queue | Villager (Male) |
| 10:38 | Research | Loom |
| 11:01 | Queue | Villager (Male) |
| 11:01 | Queue | Villager (Male) |
| 11:04 | Queue | Villager (Male) |
| 11:08 | Build | House |
| 11:43 | Queue | Villager (Male) |
| 11:59 | Queue | Villager (Male) |
| 12:25 | Build | House |
| 12:29 | Build | Farm |
| 12:30 | Build | Farm |
| 12:32 | Build | Farm |
| 12:39 | Build | Farm |
| 12:40 | Build | Farm |
| 12:43 | Build | Farm |
| 12:48 | Queue | Villager (Male) |
| 13:12 | Build | Mining Camp |
| 13:16 | Queue | Villager (Male) |
| 13:17 | Queue | Villager (Male) |
| 13:26 | Build | Palisade Wall |
| 13:37 | Queue | Villager (Male) |
| 13:37 | Queue | Villager (Male) |
| 13:46 | Queue | Villager (Male) |
| 13:57 | Queue | Villager (Male) |
| 14:02 | Build | House |
| 14:14 | Build | Market |
| 15:11 | Build | Blacksmith |
| 15:34 | Queue | Villager (Male) |
| 16:07 | Research | Castle Age |
| 18:47 | Age | Castle Age |
| 18:52 | Build | Town Center |
| 18:55 | Queue | Villager (Male) |
| 18:55 | Queue | Villager (Male) |
| 19:04 | Build | Town Center |
| 19:39 | Build | Castle |
| 19:45 | Research | Double-Bit Axe |
| 19:48 | Queue | Villager (Male) |
| 19:48 | Queue | Villager (Male) |
| 19:48 | Queue | Villager (Male) |
| 20:02 | Queue | Villager (Male) |
| 20:03 | Queue | Villager (Male) |
| 20:03 | Queue | Villager (Male) |
| 20:15 | Queue | Villager (Male) |
| 20:15 | Queue | Villager (Male) |
| 20:17 | Queue | Villager (Male) |
| 20:17 | Queue | Villager (Male) |
| 20:18 | Queue | Villager (Male) |
| 20:18 | Queue | Villager (Male) |
| 20:18 | Queue | Villager (Male) |
| 20:23 | Queue | Villager (Male) |
| 20:24 | Queue | Villager (Male) |
| 20:31 | Queue | Villager (Male) |
| 20:31 | Queue | Villager (Male) |
| 20:32 | Queue | Villager (Male) |
| 20:32 | Queue | Villager (Male) |
| 20:41 | Build | Farm |
| 20:42 | Build | Farm |
| 20:51 | Queue | Villager (Male) |
| 20:51 | Queue | Villager (Male) |
| 20:51 | Queue | Villager (Male) |
| 20:52 | Queue | Villager (Male) |
| 20:52 | Queue | Villager (Male) |
| 20:52 | Queue | Villager (Male) |
| 20:52 | Queue | Villager (Male) |
| 20:53 | Queue | Villager (Male) |
| 20:53 | Queue | Villager (Male) |
| 21:04 | Build | Farm |
| 21:15 | Queue | Villager (Male) |
| 21:15 | Queue | Villager (Male) |
| 21:20 | Build | Farm |
| 21:23 | Build | Farm |
| 21:25 | Queue | Villager (Male) |
| 21:25 | Queue | Villager (Male) |
| 21:35 | Queue | Villager (Male) |
| 21:35 | Queue | Villager (Male) |
| 21:46 | Build | Farm |
| 21:55 | Queue | Huskarl |
| 21:56 | Build | Farm |
| 22:01 | Build | Farm |
| 22:19 | Build | Farm |
| 22:27 | Build | Farm |
| 22:36 | Queue | Huskarl |
| 22:42 | Queue | Villager (Male) |
| 22:43 | Queue | Villager (Male) |
| 22:52 | Research | Bow Saw |
| 22:52 | Research | Bow Saw |
| 23:01 | Build | Farm |
| 23:02 | Build | Farm |
| 23:28 | Queue | Huskarl |
| 23:28 | Queue | Huskarl |
| 23:36 | Queue | Villager (Male) |
| 23:44 | Build | Farm |
| 23:45 | Build | Farm |
| 23:46 | Build | Mill |
| 23:47 | Build | Farm |
| 23:48 | Build | Farm |
| 23:49 | Build | Farm |
| 23:54 | Build | Farm |
| 23:57 | Queue | Villager (Male) |
| 23:57 | Queue | Villager (Male) |
| 23:58 | Build | House |
| 24:04 | Build | House |
| 24:04 | Build | House |
| 24:05 | Build | House |
Build order — Whale
First 150 of 1182 actions detected
| 0:01 | Queue | Villager (Male) |
| 0:01 | Queue | Villager (Male) |
| 0:02 | Build | House |
| 0:03 | Build | House |
| 0:07 | Queue | Villager (Male) |
| 0:08 | Queue | Villager (Male) |
| 0:08 | Queue | Villager (Male) |
| 1:25 | Queue | Villager (Male) |
| 1:25 | Queue | Villager (Male) |
| 1:25 | Queue | Villager (Male) |
| 1:59 | Build | Lumber Camp |
| 2:01 | Queue | Villager (Male) |
| 2:02 | Queue | Villager (Male) |
| 2:12 | Queue | Villager (Male) |
| 2:12 | Queue | Villager (Male) |
| 2:42 | Queue | Villager (Male) |
| 2:42 | Queue | Villager (Male) |
| 2:58 | Queue | Villager (Male) |
| 2:58 | Queue | Villager (Male) |
| 2:58 | Queue | Villager (Male) |
| 3:29 | Build | House |
| 3:31 | Build | House |
| 3:32 | Build | House |
| 3:43 | Queue | Villager (Male) |
| 3:44 | Queue | Villager (Male) |
| 3:44 | Queue | Villager (Male) |
| 3:45 | Queue | Villager (Male) |
| 4:21 | Queue | Villager (Male) |
| 4:21 | Queue | Villager (Male) |
| 4:22 | Queue | Villager (Male) |
| 4:22 | Queue | Villager (Male) |
| 4:23 | Queue | Villager (Male) |
| 5:18 | Queue | Villager (Male) |
| 5:33 | Build | Mill |
| 5:34 | Queue | Villager (Male) |
| 5:58 | Queue | Villager (Male) |
| 6:33 | Queue | Villager (Male) |
| 6:33 | Queue | Villager (Male) |
| 7:05 | Queue | Villager (Male) |
| 7:35 | Queue | Villager (Male) |
| 8:01 | Queue | Villager (Male) |
| 8:24 | Build | Mining Camp |
| 8:28 | Build | Mining Camp |
| 8:31 | Research | Feudal Age |
| 8:37 | Build | Farm |
| 8:39 | Build | Farm |
| 8:46 | Build | Farm |
| 8:52 | Queue | Villager (Male) |
| 8:52 | Queue | Villager (Male) |
| 10:41 | Age | Feudal Age |
| 10:44 | Build | Blacksmith |
| 10:45 | Build | Market |
| 10:49 | Research | Double-Bit Axe |
| 11:31 | Research | Castle Age |
| 11:32 | Research | Castle Age |
| 11:32 | Research | Castle Age |
| 11:35 | Research | Double-Bit Axe |
| 11:35 | Research | Double-Bit Axe |
| 11:42 | Build | Barracks |
| 12:34 | Build | Stable |
| 12:40 | Queue | Villager (Male) |
| 12:42 | Build | Farm |
| 13:19 | Research | Horse Collar |
| 13:23 | Build | Farm |
| 13:28 | Build | Farm |
| 13:42 | Queue | Villager (Male) |
| 13:49 | Queue | Scout Cavalry |
| 13:53 | Build | House |
| 13:54 | Build | House |
| 14:12 | Age | Castle Age |
| 14:17 | Research | Light Cavalry (upgrade) |
| 14:19 | Queue | Knight |
| 14:40 | Queue | Villager (Male) |
| 14:58 | Queue | Villager (Male) |
| 15:13 | Queue | Knight |
| 15:17 | Build | Town Center |
| 15:20 | Build | Farm |
| 15:21 | Queue | Knight |
| 15:29 | Queue | Villager (Male) |
| 15:37 | Queue | Villager (Male) |
| 15:42 | Research | Bow Saw |
| 16:04 | Queue | Knight |
| 16:28 | Queue | Villager (Male) |
| 16:41 | Queue | Villager (Male) |
| 17:00 | Queue | Villager (Male) |
| 17:27 | Queue | Villager (Male) |
| 17:44 | Queue | Villager (Male) |
| 17:59 | Build | Farm |
| 17:59 | Build | Farm |
| 17:59 | Build | Farm |
| 18:00 | Build | Farm |
| 18:00 | Build | Farm |
| 18:05 | Build | Monastery |
| 18:09 | Queue | Villager (Male) |
| 18:30 | Queue | Villager (Male) |
| 18:37 | Build | House |
| 18:38 | Build | House |
| 18:38 | Build | House |
| 18:39 | Build | House |
| 18:42 | Build | Farm |
| 18:43 | Build | Farm |
| 18:57 | Queue | Monk |
| 19:03 | Queue | Villager (Male) |
| 19:23 | Queue | Villager (Male) |
| 19:26 | Build | Town Center |
| 19:30 | Build | Town Center |
| 19:32 | Queue | Villager (Male) |
| 19:48 | Queue | Villager (Male) |
| 19:50 | Build | Farm |
| 19:57 | Queue | Monk |
| 20:01 | Research | Wheelbarrow |
| 20:04 | Build | Farm |
| 20:07 | Build | House |
| 20:07 | Build | House |
| 20:13 | Build | Mining Camp |
| 20:15 | Build | Lumber Camp |
| 20:18 | Queue | Villager (Male) |
| 20:31 | Queue | Villager (Male) |
| 20:39 | Queue | Villager (Male) |
| 20:55 | Build | Town Center |
| 20:57 | Queue | Villager (Male) |
| 21:02 | Build | Farm |
| 21:09 | Build | Farm |
| 21:11 | Build | Farm |
| 21:13 | Build | Farm |
| 21:16 | Build | House |
| 21:17 | Queue | Villager (Male) |
| 21:22 | Queue | Villager (Male) |
| 21:29 | Queue | Villager (Male) |
| 21:30 | Queue | Monk |
| 21:42 | Queue | Monk |
| 21:43 | Queue | Villager (Male) |
| 21:49 | Build | Farm |
| 21:51 | Queue | Villager (Male) |
| 21:54 | Build | House |
| 21:55 | Build | House |
| 21:57 | Build | House |
| 21:58 | Build | House |
| 21:59 | Queue | Villager (Male) |
| 22:12 | Queue | Villager (Male) |
| 22:17 | Build | Farm |
| 22:18 | Build | Farm |
| 22:25 | Queue | Villager (Male) |
| 22:27 | Queue | Villager (Male) |
| 22:28 | Queue | Villager (Male) |
| 22:34 | Build | Farm |
| 22:36 | Build | Farm |
| 22:38 | Build | Farm |
| 22:40 | Build | Farm |
| 22:42 | Queue | Villager (Male) |
Build order — Feisty
First 150 of 575 actions detected
| 0:00 | Queue | Villager (Male) |
| 0:00 | Queue | Villager (Male) |
| 0:01 | Queue | Villager (Male) |
| 0:02 | Build | House |
| 0:03 | Build | House |
| 0:11 | Queue | Villager (Male) |
| 1:38 | Queue | Villager (Male) |
| 1:38 | Queue | Villager (Male) |
| 1:50 | Build | Lumber Camp |
| 2:11 | Queue | Villager (Male) |
| 2:46 | Queue | Villager (Male) |
| 2:46 | Queue | Villager (Male) |
| 3:27 | Queue | Villager (Male) |
| 3:56 | Build | House |
| 3:57 | Queue | Villager (Male) |
| 4:12 | Queue | Villager (Male) |
| 4:16 | Build | Mill |
| 4:35 | Build | House |
| 4:42 | Queue | Villager (Male) |
| 4:42 | Queue | Villager (Male) |
| 5:20 | Queue | Villager (Male) |
| 5:21 | Queue | Villager (Male) |
| 5:29 | Queue | Villager (Male) |
| 5:42 | Queue | Villager (Male) |
| 5:47 | Build | Farm |
| 5:51 | Build | Farm |
| 6:27 | Queue | Villager (Male) |
| 7:10 | Build | Mining Camp |
| 7:13 | Build | Farm |
| 7:14 | Queue | Villager (Male) |
| 7:15 | Queue | Villager (Male) |
| 7:35 | Build | House |
| 8:00 | Build | Farm |
| 8:16 | Queue | Villager (Male) |
| 8:49 | Queue | Villager (Male) |
| 8:49 | Queue | Villager (Male) |
| 8:53 | Build | Mining Camp |
| 8:57 | Research | Feudal Age |
| 9:22 | Queue | Villager (Male) |
| 10:08 | Build | Palisade Wall |
| 10:11 | Build | Palisade Wall |
| 11:24 | Age | Feudal Age |
| 11:27 | Build | Market |
| 11:36 | Research | Loom |
| 11:59 | Build | Stone Wall |
| 12:12 | Build | Blacksmith |
| 12:15 | Queue | Villager (Male) |
| 12:19 | Build | Stone Wall |
| 12:30 | Build | Stone Wall |
| 13:02 | Build | House |
| 13:05 | Build | House |
| 13:21 | Research | Castle Age |
| 14:11 | Build | Stone Wall |
| 15:54 | Build | Lumber Camp |
| 16:01 | Age | Castle Age |
| 16:05 | Build | Castle |
| 16:32 | Build | Stone Wall |
| 16:33 | Build | Stone Wall |
| 16:38 | Queue | Villager (Male) |
| 16:38 | Queue | Villager (Male) |
| 16:50 | Queue | Villager (Male) |
| 16:54 | Build | Stone Wall |
| 16:56 | Build | Stone Wall |
| 16:58 | Build | Stone Wall |
| 16:59 | Build | Stone Wall |
| 17:00 | Build | Stone Wall |
| 17:20 | Build | Stone Wall |
| 17:24 | Queue | Throwing Axeman |
| 17:24 | Queue | Throwing Axeman |
| 17:24 | Queue | Throwing Axeman |
| 17:30 | Build | Stone Wall |
| 17:41 | Queue | Throwing Axeman |
| 18:16 | Queue | Villager (Male) |
| 18:16 | Queue | Villager (Male) |
| 18:22 | Build | Lumber Camp |
| 18:25 | Build | Farm |
| 18:26 | Build | Farm |
| 18:26 | Build | Farm |
| 18:30 | Research | Fletching |
| 18:53 | Queue | Villager (Male) |
| 19:16 | Queue | Villager (Male) |
| 19:54 | Queue | Villager (Male) |
| 20:11 | Build | Siege Workshop |
| 20:30 | Queue | Villager (Male) |
| 20:31 | Queue | Villager (Male) |
| 20:46 | Queue | Battering Ram |
| 21:01 | Queue | Villager (Male) |
| 21:07 | Build | Farm |
| 21:08 | Build | Farm |
| 21:16 | Build | Farm |
| 21:23 | Build | Farm |
| 21:26 | Build | Farm |
| 21:33 | Queue | Villager (Male) |
| 21:33 | Queue | Villager (Male) |
| 21:57 | Queue | Throwing Axeman |
| 22:21 | Queue | Throwing Axeman |
| 22:22 | Queue | Villager (Male) |
| 22:33 | Build | Stone Wall |
| 22:37 | Queue | Villager (Male) |
| 22:52 | Queue | Villager (Male) |
| 23:13 | Queue | Villager (Male) |
| 23:20 | Queue | Villager (Male) |
| 23:27 | Build | Farm |
| 23:28 | Queue | Battering Ram |
| 23:31 | Queue | Villager (Male) |
| 23:38 | Build | House |
| 23:44 | Build | Farm |
| 23:45 | Queue | Villager (Male) |
| 23:48 | Build | Farm |
| 23:48 | Build | Farm |
| 23:48 | Build | Farm |
| 23:54 | Build | Town Center |
| 24:10 | Queue | Throwing Axeman |
| 24:10 | Queue | Throwing Axeman |
| 24:25 | Queue | Villager (Male) |
| 24:25 | Queue | Villager (Male) |
| 24:38 | Queue | Villager (Male) |
| 24:42 | Build | Farm |
| 24:42 | Build | Farm |
| 24:42 | Build | Farm |
| 24:43 | Build | Farm |
| 24:48 | Research | Double-Bit Axe |
| 24:50 | Build | House |
| 24:57 | Build | House |
| 24:58 | Build | House |
| 24:58 | Build | House |
| 24:58 | Build | House |
| 25:10 | Queue | Villager (Male) |
| 25:15 | Build | Outpost |
| 25:24 | Queue | Villager (Male) |
| 25:27 | Build | Farm |
| 25:41 | Queue | Villager (Male) |
| 25:42 | Queue | Villager (Male) |
| 25:46 | Queue | Villager (Male) |
| 25:54 | Queue | Villager (Male) |
| 26:30 | Build | Mining Camp |
| 26:34 | Queue | Villager (Male) |
| 26:34 | Queue | Villager (Male) |
| 26:40 | Queue | Throwing Axeman |
| 26:47 | Queue | Villager (Male) |
| 26:47 | Queue | Villager (Male) |
| 27:11 | Queue | Villager (Male) |
| 27:11 | Queue | Villager (Male) |
| 27:13 | Queue | Villager (Male) |
| 27:14 | Queue | Villager (Male) |
| 27:46 | Queue | Villager (Male) |
| 27:46 | Queue | Villager (Male) |
| 27:49 | Queue | Throwing Axeman |
| 27:53 | Queue | Villager (Male) |
| 27:53 | Queue | Villager (Male) |
Build order — 哈哈哈哈
First 150 of 718 actions detected
| 0:01 | Queue | Villager (Male) |
| 0:02 | Queue | Villager (Male) |
| 0:02 | Queue | Villager (Male) |
| 0:02 | Queue | Villager (Male) |
| 0:02 | Queue | Villager (Male) |
| 0:03 | Build | House |
| 0:05 | Build | House |
| 1:28 | Queue | Villager (Male) |
| 1:28 | Queue | Villager (Male) |
| 1:28 | Queue | Villager (Male) |
| 2:12 | Queue | Villager (Male) |
| 2:12 | Queue | Villager (Male) |
| 2:12 | Queue | Villager (Male) |
| 2:12 | Queue | Villager (Male) |
| 2:12 | Queue | Villager (Male) |
| 2:19 | Build | Lumber Camp |
| 2:21 | Queue | Villager (Male) |
| 2:22 | Queue | Villager (Male) |
| 2:22 | Queue | Villager (Male) |
| 2:56 | Queue | Villager (Male) |
| 2:57 | Queue | Villager (Male) |
| 3:47 | Queue | Villager (Male) |
| 3:47 | Queue | Villager (Male) |
| 3:48 | Queue | Villager (Male) |
| 3:57 | Build | House |
| 4:16 | Build | House |
| 4:34 | Queue | Villager (Male) |
| 4:34 | Queue | Villager (Male) |
| 4:35 | Queue | Villager (Male) |
| 4:47 | Build | Mining Camp |
| 5:43 | Queue | Villager (Male) |
| 6:18 | Queue | Villager (Male) |
| 6:44 | Research | Loom |
| 6:53 | Build | Barracks |
| 7:17 | Queue | Villager (Male) |
| 7:22 | Build | House |
| 7:41 | Research | Feudal Age |
| 8:03 | Queue | Militia |
| 8:03 | Queue | Militia |
| 8:03 | Queue | Militia |
| 8:03 | Queue | Militia |
| 8:03 | Queue | Militia |
| 8:03 | Queue | Militia |
| 9:05 | Queue | Militia |
| 9:52 | Age | Feudal Age |
| 9:52 | Queue | Villager (Male) |
| 9:52 | Queue | Villager (Male) |
| 9:57 | Build | Watch Tower |
| 10:09 | Research | Man-at-Arms (upgrade) |
| 10:09 | Research | Man-at-Arms (upgrade) |
| 10:10 | Research | Man-at-Arms (upgrade) |
| 10:17 | Build | Archery Range |
| 10:47 | Queue | Villager (Male) |
| 10:47 | Queue | Villager (Male) |
| 10:47 | Queue | Villager (Male) |
| 10:47 | Queue | Villager (Male) |
| 11:10 | Queue | Villager (Male) |
| 11:10 | Queue | Villager (Male) |
| 11:10 | Queue | Villager (Male) |
| 11:14 | Queue | Archer |
| 11:14 | Queue | Archer |
| 11:14 | Queue | Archer |
| 11:29 | Build | Mill |
| 11:38 | Queue | Villager (Male) |
| 11:38 | Queue | Villager (Male) |
| 11:39 | Queue | Villager (Male) |
| 12:13 | Queue | Villager (Male) |
| 12:13 | Queue | Villager (Male) |
| 12:14 | Queue | Villager (Male) |
| 12:18 | Build | House |
| 12:39 | Build | Outpost |
| 13:01 | Build | Watch Tower |
| 13:14 | Build | Watch Tower |
| 13:33 | Queue | Archer |
| 13:34 | Queue | Archer |
| 13:34 | Queue | Archer |
| 13:34 | Queue | Archer |
| 13:35 | Queue | Villager (Male) |
| 13:35 | Queue | Villager (Male) |
| 13:36 | Queue | Villager (Male) |
| 13:36 | Queue | Villager (Male) |
| 13:36 | Queue | Villager (Male) |
| 13:36 | Queue | Villager (Male) |
| 13:42 | Build | Farm |
| 13:43 | Build | Farm |
| 14:07 | Build | House |
| 14:27 | Build | Watch Tower |
| 14:43 | Build | Palisade Wall |
| 14:47 | Queue | Villager (Male) |
| 14:47 | Queue | Villager (Male) |
| 14:47 | Queue | Villager (Male) |
| 14:47 | Queue | Villager (Male) |
| 14:48 | Queue | Villager (Male) |
| 15:21 | Build | Stone Wall |
| 15:21 | Build | Stone Wall |
| 15:22 | Build | Stone Wall |
| 15:22 | Build | Stone Wall |
| 15:22 | Build | Stone Wall |
| 15:35 | Build | Watch Tower |
| 15:38 | Queue | Villager (Male) |
| 15:38 | Queue | Villager (Male) |
| 15:38 | Queue | Villager (Male) |
| 15:38 | Queue | Villager (Male) |
| 15:38 | Queue | Villager (Male) |
| 15:39 | Queue | Villager (Male) |
| 15:51 | Queue | Archer |
| 15:51 | Queue | Archer |
| 15:51 | Queue | Archer |
| 16:46 | Build | Watch Tower |
| 17:15 | Queue | Villager (Male) |
| 17:16 | Queue | Villager (Male) |
| 17:16 | Queue | Villager (Male) |
| 17:16 | Queue | Villager (Male) |
| 17:16 | Queue | Villager (Male) |
| 17:16 | Queue | Villager (Male) |
| 17:19 | Build | Blacksmith |
| 17:23 | Build | Farm |
| 17:24 | Build | Farm |
| 17:25 | Queue | Villager (Male) |
| 17:25 | Queue | Villager (Male) |
| 17:25 | Queue | Villager (Male) |
| 17:36 | Queue | Archer |
| 17:36 | Queue | Archer |
| 17:49 | Build | House |
| 17:52 | Build | House |
| 18:42 | Build | Mining Camp |
| 18:49 | Research | Fletching |
| 18:50 | Research | Fletching |
| 19:05 | Build | Farm |
| 19:07 | Build | Farm |
| 19:24 | Build | Stone Wall |
| 19:29 | Build | Stone Wall |
| 19:41 | Queue | Villager (Male) |
| 19:45 | Build | Farm |
| 19:46 | Build | Farm |
| 19:54 | Build | House |
| 19:58 | Build | Stone Wall |
| 19:59 | Build | Stone Wall |
| 20:08 | Queue | Villager (Male) |
| 20:09 | Queue | Villager (Male) |
| 20:19 | Build | Farm |
| 20:21 | Build | Farm |
| 20:50 | Queue | Archer |
| 20:50 | Queue | Archer |
| 21:01 | Build | Farm |
| 21:04 | Queue | Villager (Male) |
| 21:11 | Build | Market |
| 21:14 | Queue | Villager (Male) |
| 21:21 | Build | Farm |
| 21:22 | Build | Farm |
Match timeline
| 6:53 | 哈哈哈哈 · first_building Barracks |
| 8:02 | [DH]Felgrand · age_up feudal |
| 9:12 | _The_Lion · wall_segment Palisade Wall x6 |
| 9:16 | _The_Lion · wall_segment Palisade Wall x2 |
| 9:29 | _The_Lion · wall_segment Palisade Wall x8 |
| 9:42 | |MP| Juanete177 · first_building Barracks |
| 9:52 | 哈哈哈哈 · age_up feudal |
| 10:06 | _The_Lion · age_up feudal |
| 10:08 | Feisty · wall_segment Palisade Wall x10 |
| 10:10 | [DH]Misratronic · age_up feudal |
| 10:11 | Feisty · wall_segment Palisade Wall x2 |
| 10:17 | 哈哈哈哈 · first_building Archery Range |
| 10:31 | T1m · age_up feudal |
| 10:34 | |MP| Juanete177 · age_up feudal |
| 10:41 | Whale · age_up feudal |
| 10:45 | |MP| Juanete177 · first_building Stable |
| 11:24 | Feisty · age_up feudal |
| 11:27 | [DH]Misratronic · first_building Barracks |
| 11:42 | Whale · first_building Barracks |
| 11:59 | Feisty · wall_segment Stone Wall x1 |
| 12:19 | Feisty · wall_segment Stone Wall x5 |
| 12:30 | Feisty · wall_segment Stone Wall x2 |
| 12:34 | Whale · first_building Stable |
| 13:26 | _The_Lion · wall_segment Palisade Wall x1 |
| 13:39 | [DH]Misratronic · age_up castle |
| 13:42 | [DH]Misratronic · first_building Monastery |
| 14:10 | T1m · age_up castle |
| 14:11 | Feisty · wall_segment Stone Wall x1 |
| 14:12 | Whale · age_up castle |
| 14:42 | [DH]Misratronic · first_market_sell 100 wood |
| 14:43 | 哈哈哈哈 · wall_segment Palisade Wall x3 |
| 14:54 | |MP| Juanete177 · age_up castle |
| 15:19 | |MP| Juanete177 · first_building Monastery |
| 15:21 | 哈哈哈哈 · wall_segment Stone Wall x1 |
| 15:21 | 哈哈哈哈 · wall_segment Stone Wall x2 |
| 15:22 | 哈哈哈哈 · wall_segment Stone Wall x2 |
| 15:22 | 哈哈哈哈 · wall_segment Stone Wall x1 |
| 15:22 | 哈哈哈哈 · wall_segment Stone Wall x1 |
| 15:29 | _The_Lion · first_market_sell 100 stone |
| 16:01 | Feisty · age_up castle |
| 16:05 | Feisty · first_building Castle |
| 16:10 | [DH]Felgrand · first_market_buy 100 food |
| 16:14 | |MP| Juanete177 · first_market_buy 100 food |
| 16:32 | Feisty · wall_segment Stone Wall x1 |
| 16:33 | Feisty · wall_segment Stone Wall x1 |
| 16:34 | |MP| Juanete177 · first_market_sell 100 wood |
| 16:48 | [DH]Felgrand · first_market_sell 100 wood |
| 16:54 | Feisty · wall_segment Stone Wall x1 |
| 16:56 | Feisty · wall_segment Stone Wall x1 |
| 16:58 | Feisty · wall_segment Stone Wall x1 |
| 16:59 | Feisty · wall_segment Stone Wall x1 |
| 17:00 | Feisty · wall_segment Stone Wall x1 |
| 17:20 | Feisty · wall_segment Stone Wall x1 |
| 17:30 | Feisty · wall_segment Stone Wall x1 |
| 18:03 | Whale · first_market_buy 100 wood |
| 18:05 | Whale · first_building Monastery |
| 18:47 | _The_Lion · age_up castle |
| 19:18 | _The_Lion · first_market_buy 100 food |
| 19:24 | 哈哈哈哈 · wall_segment Stone Wall x1 |
| 19:29 | 哈哈哈哈 · wall_segment Stone Wall x1 |
| 19:38 | [DH]Felgrand · age_up castle |
| 19:39 | _The_Lion · first_building Castle |
| 19:58 | 哈哈哈哈 · wall_segment Stone Wall x1 |
| 19:59 | 哈哈哈哈 · wall_segment Stone Wall x1 |
| 20:11 | Feisty · first_building Siege Workshop |
| 20:58 | T1m · first_market_buy 100 stone |
| 21:47 | 哈哈哈哈 · wall_segment Stone Wall x1 |
| 21:51 | 哈哈哈哈 · wall_segment Stone Wall x1 |
| 22:22 | 哈哈哈哈 · wall_segment Stone Wall x1 |
| 22:28 | 哈哈哈哈 · wall_segment Stone Wall x1 |
| 22:31 | 哈哈哈哈 · wall_segment Stone Wall x2 |
| 22:33 | Feisty · wall_segment Stone Wall x1 |
| 23:20 | 哈哈哈哈 · first_market_buy 500 food |
| 23:22 | 哈哈哈哈 · first_market_sell 100 wood |
| 23:23 | T1m · first_building Monastery |
| 23:31 | [DH]Felgrand · wall_segment Stone Wall x26 |
| 23:50 | [DH]Felgrand · wall_segment Stone Wall x1 |
| 24:07 | Feisty · first_market_sell 100 wood |
| 25:22 | [DH]Felgrand · first_building Barracks |
| 25:46 | T1m · first_building Barracks |
| 25:47 | 哈哈哈哈 · wall_segment Stone Wall x1 |
| 26:00 | 哈哈哈哈 · wall_segment Stone Wall x1 |
| 26:04 | [DH]Felgrand · first_building Monastery |
| 26:23 | 哈哈哈哈 · wall_segment Stone Wall x1 |
| 26:39 | T1m · first_building Stable |
| 26:44 | 哈哈哈哈 · age_up castle |
| 27:05 | [DH]Misratronic · first_building Castle |
| 27:42 | 哈哈哈哈 · wall_segment Stone Wall x1 |
| 28:11 | [DH]Misratronic · first_market_buy 100 stone |
| 28:17 | [DH]Felgrand · first_building Castle |
| 28:24 | 哈哈哈哈 · first_building Castle |
| 28:27 | Whale · first_market_sell 100 food |
| 28:44 | [DH]Felgrand · wall_segment Palisade Wall x1 |
| 28:45 | [DH]Felgrand · wall_segment Palisade Wall x1 |
| 28:48 | T1m · age_up imperial |
| 28:56 | T1m · first_market_sell 100 food |
| 29:17 | Whale · first_building Castle |
| 29:18 | |MP| Juanete177 · first_building Castle |
| 29:41 | [DH]Felgrand · age_up imperial |
| 29:53 | [DH]Misratronic · age_up imperial |
| 30:37 | _The_Lion · first_building Barracks |
| 31:01 | |MP| Juanete177 · age_up imperial |
| 31:39 | T1m · first_building Castle |
| 31:43 | 哈哈哈哈 · wall_segment Stone Wall x4 |
| 31:46 | 哈哈哈哈 · wall_segment Stone Wall x7 |
| 31:55 | _The_Lion · first_building Archery Range |
| 32:09 | Whale · age_up imperial |
| 32:29 | |MP| Juanete177 · first_building Archery Range |
| 32:55 | [DH]Felgrand · first_building Siege Workshop |
| 33:24 | _The_Lion · age_up imperial |
| 33:29 | 哈哈哈哈 · wall_segment Stone Wall x4 |
| 33:38 | Feisty · first_building Barracks |
| 33:43 | 哈哈哈哈 · age_up imperial |
| 34:39 | T1m · tribute_sent a jugador 1 |
| 34:39 | T1m · tribute_sent a jugador 3 |
| 34:39 | T1m · tribute_sent a jugador 4 |
| 34:39 | T1m · tribute_sent a jugador 5 |
| 34:39 | T1m · tribute_sent a jugador 6 |
| 34:39 | T1m · tribute_sent a jugador 7 |
| 34:39 | T1m · tribute_sent a jugador 8 |
| 34:46 | [DH]Misratronic · tribute_sent a jugador 1 |
| 34:46 | [DH]Misratronic · tribute_sent a jugador 2 |
| 34:46 | [DH]Misratronic · tribute_sent a jugador 4 |
| 34:46 | [DH]Misratronic · tribute_sent a jugador 5 |
| 34:46 | [DH]Misratronic · tribute_sent a jugador 6 |
| 34:46 | [DH]Misratronic · tribute_sent a jugador 7 |
| 34:46 | [DH]Misratronic · tribute_sent a jugador 8 |
| 34:47 | Feisty · first_building Stable |
| 37:02 | T1m · tribute_sent a jugador 1 |
| 37:02 | T1m · tribute_sent a jugador 3 |
| 37:02 | T1m · tribute_sent a jugador 4 |
| 37:02 | T1m · tribute_sent a jugador 5 |
| 37:02 | T1m · tribute_sent a jugador 6 |
| 37:02 | T1m · tribute_sent a jugador 7 |
| 37:02 | T1m · tribute_sent a jugador 8 |
| 38:26 | 哈哈哈哈 · wall_segment Stone Wall x1 |
| 38:29 | T1m · tribute_sent a jugador 1 |
| 38:29 | T1m · tribute_sent a jugador 3 |
| 38:29 | T1m · tribute_sent a jugador 4 |
| 38:29 | T1m · tribute_sent a jugador 5 |
| 38:29 | T1m · tribute_sent a jugador 6 |
| 38:29 | T1m · tribute_sent a jugador 7 |
| 38:29 | T1m · tribute_sent a jugador 8 |
| 38:29 | 哈哈哈哈 · wall_segment Stone Wall x1 |
| 38:45 | Feisty · age_up imperial |
| 39:04 | T1m · tribute_sent a jugador 1 |
| 39:04 | T1m · tribute_sent a jugador 3 |
| 39:04 | T1m · tribute_sent a jugador 4 |
| 39:04 | T1m · tribute_sent a jugador 5 |
| 39:04 | T1m · tribute_sent a jugador 6 |
| 39:04 | T1m · tribute_sent a jugador 7 |
| 39:04 | T1m · tribute_sent a jugador 8 |
| 40:03 | T1m · tribute_sent a jugador 1 |
| 40:03 | T1m · tribute_sent a jugador 3 |
| 40:03 | T1m · tribute_sent a jugador 4 |
| 40:03 | T1m · tribute_sent a jugador 5 |
| 40:03 | T1m · tribute_sent a jugador 6 |
| 40:03 | T1m · tribute_sent a jugador 7 |
| 40:03 | T1m · tribute_sent a jugador 8 |
| 40:40 | _The_Lion · tribute_sent a jugador 1 |
| 40:40 | _The_Lion · tribute_sent a jugador 2 |
| 40:40 | _The_Lion · tribute_sent a jugador 3 |
| 40:40 | _The_Lion · tribute_sent a jugador 5 |
| 40:40 | _The_Lion · tribute_sent a jugador 6 |
| 40:40 | _The_Lion · tribute_sent a jugador 7 |
| 40:40 | _The_Lion · tribute_sent a jugador 8 |
| 40:50 | T1m · tribute_sent a jugador 1 |
| 40:50 | T1m · tribute_sent a jugador 3 |
| 40:50 | T1m · tribute_sent a jugador 4 |
| 40:50 | T1m · tribute_sent a jugador 5 |
| 40:50 | T1m · tribute_sent a jugador 6 |
| 40:50 | T1m · tribute_sent a jugador 7 |
| 40:50 | T1m · tribute_sent a jugador 8 |
| 41:00 | 哈哈哈哈 · first_building Siege Workshop |
| 42:02 | |MP| Juanete177 · first_building Siege Workshop |
| 42:55 | T1m · tribute_sent a jugador 1 |
| 42:55 | T1m · tribute_sent a jugador 3 |
| 42:55 | T1m · tribute_sent a jugador 4 |
| 42:55 | T1m · tribute_sent a jugador 5 |
| 42:55 | T1m · tribute_sent a jugador 6 |
| 42:55 | T1m · tribute_sent a jugador 7 |
| 42:55 | T1m · tribute_sent a jugador 8 |
| 43:03 | [DH]Misratronic · first_building Archery Range |
| 46:21 | Whale · tribute_sent a jugador 1 |
| 46:21 | Whale · tribute_sent a jugador 2 |
| 46:21 | Whale · tribute_sent a jugador 3 |
| 46:21 | Whale · tribute_sent a jugador 4 |
| 46:21 | Whale · tribute_sent a jugador 5 |
| 46:21 | Whale · tribute_sent a jugador 7 |
| 46:21 | Whale · tribute_sent a jugador 8 |
| 46:26 | T1m · tribute_sent a jugador 1 |
| 46:26 | T1m · tribute_sent a jugador 3 |
| 46:26 | T1m · tribute_sent a jugador 4 |
| 46:26 | T1m · tribute_sent a jugador 5 |
| 46:26 | T1m · tribute_sent a jugador 6 |
| 46:26 | T1m · tribute_sent a jugador 7 |
| 46:26 | T1m · tribute_sent a jugador 8 |
| 48:27 | T1m · tribute_sent a jugador 1 |
| 48:27 | T1m · tribute_sent a jugador 3 |
| 48:27 | T1m · tribute_sent a jugador 4 |
| 48:27 | T1m · tribute_sent a jugador 5 |
| 48:27 | T1m · tribute_sent a jugador 6 |
| 48:27 | T1m · tribute_sent a jugador 7 |
| 48:27 | T1m · tribute_sent a jugador 8 |
| 48:40 | _The_Lion · tribute_sent a jugador 1 |
| 48:40 | _The_Lion · tribute_sent a jugador 2 |
| 48:40 | _The_Lion · tribute_sent a jugador 3 |
| 48:40 | _The_Lion · tribute_sent a jugador 5 |
| 48:40 | _The_Lion · tribute_sent a jugador 6 |
| 48:40 | _The_Lion · tribute_sent a jugador 7 |
| 48:40 | _The_Lion · tribute_sent a jugador 8 |
| 51:14 | Whale · tribute_sent a jugador 1 |
| 51:14 | Whale · tribute_sent a jugador 2 |
| 51:14 | Whale · tribute_sent a jugador 3 |
| 51:14 | Whale · tribute_sent a jugador 4 |
| 51:14 | Whale · tribute_sent a jugador 5 |
| 51:14 | Whale · tribute_sent a jugador 7 |
| 51:14 | Whale · tribute_sent a jugador 8 |
| 51:16 | _The_Lion · first_building Siege Workshop |
| 53:28 | [DH]Felgrand · wall_segment Stone Wall x17 |
| 54:39 | [DH]Felgrand · wall_segment Stone Wall x1 |
| 54:41 | [DH]Felgrand · wall_segment Stone Wall x1 |
| 56:20 | [DH]Felgrand · wall_segment Stone Wall x9 |
| 56:38 | [DH]Misratronic · tribute_sent a jugador 1 |
| 56:38 | [DH]Misratronic · tribute_sent a jugador 2 |
| 56:38 | [DH]Misratronic · tribute_sent a jugador 4 |
| 56:38 | [DH]Misratronic · tribute_sent a jugador 5 |
| 56:38 | [DH]Misratronic · tribute_sent a jugador 6 |
| 56:38 | [DH]Misratronic · tribute_sent a jugador 7 |
| 56:38 | [DH]Misratronic · tribute_sent a jugador 8 |
| 59:20 | [DH]Felgrand · wall_segment Stone Wall x1 |
| 59:59 | Feisty · tribute_sent a jugador 1 |
| 59:59 | Feisty · tribute_sent a jugador 2 |
| 59:59 | Feisty · tribute_sent a jugador 3 |
| 59:59 | Feisty · tribute_sent a jugador 4 |
| 59:59 | Feisty · tribute_sent a jugador 5 |
| 59:59 | Feisty · tribute_sent a jugador 6 |
| 59:59 | Feisty · tribute_sent a jugador 8 |
| 63:35 | Whale · tribute_sent a jugador 1 |
| 63:35 | Whale · tribute_sent a jugador 2 |
| 63:35 | Whale · tribute_sent a jugador 3 |
| 63:35 | Whale · tribute_sent a jugador 4 |
| 63:35 | Whale · tribute_sent a jugador 5 |
| 63:35 | Whale · tribute_sent a jugador 7 |
| 63:35 | Whale · tribute_sent a jugador 8 |
| 63:35 | [DH]Felgrand · wall_segment Stone Wall x4 |
| 64:27 | Whale · resign |
[ AI ANALYSIS · 1 CREDIT ]
What really happened in this match?
Wolo.gg analyzes every decision: build order, eco, micro, common mistakes by bracket. Personalized analysis on WhatsApp or Discord in 30 seconds.
Civ guide
Turks
Perfil
Jugador #3237533